AoeStats
← dr. Sane

Marketplace

504335034Analyzed
1v1 RM · 28d ago on Sep 4, 2026· 41m 51s· 2 players
Game mode
Random Map
Map size
Tiny (2 player)
Population
200
Speed
Normal
Resources
Standard
Victory
Conquest
Starting age
Dark Age
Ending age
Imperial Age
RankedLock teamsTeams togetherTeam positionsShared explorationLock speedFull tech treeHidden civsTurbo modeCheats
Victory
Defeat
🇧🇪 Jurchens · Belgium
970
+16
🇦🇷 Berbers · Argentina
979
-16
dr. Sane
6:31 Loom
9:31 Feudal Age
11:06 Wheelbarrow
10:30 Double-Bit Axe
10:28 Horse Collar
17:58 Town Watch
22:04 Castle Age
20:44 Padded Archer Armor
21:51 Arson
22:03 Fletching
23:10 Leather Archer Armor
24:02 Bow Saw
24:46 Town Patrol
25:06 Pikeman
25:51 Squires
33:56 Fortified Bastions
34:46 Heavy Plow
35:31 Scale Mail Armor
35:44 Forging
37:49 Scale Barding Armor
SacristeE
8:28 Loom
8:35 Loom
11:21 Feudal Age
12:41 Double-Bit Axe
13:17 Horse Collar
19:55 Wheelbarrow
21:02 Bloodlines
23:17 Castle Age
21:53 Gold Mining
24:48 Padded Archer Armor
24:38 Fletching
24:55 Scale Barding Armor
25:01 Forging
25:51 Husbandry
26:38 Bodkin Arrow
29:42 Thumb Ring
34:05 Stone Mining
39:09 Ballistics
Connection lost

Rejoining the realm…

Still unreachable

The connection could not be restored.

Session expired

The server has moved on; the page needs a fresh start.